cohdb
Replays
Latest Replays
All Replays
Popular Replays
Top Player Replays
Match Explorer
How It Works
Community
CoH3 Stats
Reddit
Sign in to upload your games and track your stats! →
Sign in with Steam
Match 45856386
Unlisted
Match 45856386
Overview
Messages
Build Orders
End
Construct Infanterie Kompanie
Grenadier Squad
MG 42 Machine Gun Team
Grenadier Squad
Construct Panzergrenadier Kompanie
251 Medium Carrier
Panzergrenadier Squad
Medical Station
Support Elements
StuG III G Assault Gun
Selects Breakthrough Battlegroup
Selects Rapid Production
Selects Assault Grenadiers
Panzergrenadier Officer Quarters
Nebelwerfer 42 Rocket Launcher Team
Selects Blitzkrieg
StuG III G Assault Gun
StuG III G Assault Gun
Side Skirts
StuG III G Assault Gun
Panzergrenadier Squad
Blitzkrieg
StuG III G Assault Gun
StuG III G Assault Gun
StuG III G Assault Gun
Selects Tiger Heavy Tank
Selects Smoke Bombing Run
Pak 40 Anti-tank Gun Team
DeBunkeD
Goliath
frostie
Kamooos
Brick_man
Chris
0
0
Comments
sign in to comment!
No comments posted yet!